 Dungeon Crawl Stone Soup version 0.31-a0-1620-gcbf77bbcfc (webtiles) character file.

Game seed: 8220796395624575460

7876 dialectric the Covered (level 11, -13/84 HPs)
             Began as a Demonspawn Fighter on Jan 11, 2024.
             Mangled by a cyclops (21 damage)
             ... on level 11 of the Dungeon.
             The game lasted 00:15:01 (10743 turns).

dialectric the Covered (Demonspawn Fighter)        Turns: 10743, Time: 00:15:02

Health: -13/84     AC: 12    Str: 21    XL:     11   Next: 2%
Magic:  11/11      EV: 16    Int:  8    God:
Gold:   586        SH:  4    Dex: 17    Spells: 10/10 levels left

rFire   + . .        y - +2 whip (elec)
rCold   . . .        (no shield)
rNeg    . . .        H - +0 steam dragon scales
rPois   .            (no helmet)
rElec   .            F - +0 cloak
rCorr   .            (gloves unavailable)
SInv    .            (no boots)
Will    .....        (no amulet)
Stlth   ++++         q - +4 ring of protection
HPRegen 0.34/turn    r - ring of protection from fire
MPRegen 0.12/turn

%: no passive effects
@: slowed, invisible, very slow
A: thin skeletal structure 2, condensation shield, corrupting presence 2,
demonic touch 3
a: no special abilities


You were on level 11 of the Dungeon.
You visited 1 branch of the dungeon, and saw 13 of its levels.

You collected 605 gold pieces.
You spent 19 gold pieces at shops.

Inventory:

Hand Weapons
 e - a +0 quarterstaff
 s - a +0 morningstar
 y - a +2 whip of electrocution (weapon)
Missiles
 k - 21 poisoned darts (quivered)
Armour
 w - a +0 tower shield
 F - a +0 cloak (worn)
 H - +0 steam dragon scales (worn)
Jewellery
 c - a +4 ring of slaying
 q - a +4 ring of protection (left hand)
 r - a ring of protection from fire (right hand)
Wands
 d - a wand of flame (27)
 n - a wand of iceblast (23)
 x - a wand of mindburst (15)
Scrolls
 f - 3 scrolls of vulnerability
 g - 2 scrolls of summoning
 h - 8 scrolls of identify
 j - a scroll of torment {unknown}
 p - a scroll of acquirement {unknown}
 t - a scroll of noise {unknown}
 u - a scroll of revelation {unknown}
 v - 2 scrolls of poison
 z - a scroll of enchant armour {unknown}
 A - a scroll of brand weapon {unknown}
 E - a scroll of fear {unknown}
 G - a scroll of immolation {unknown}
Potions
 a - 3 potions of haste
 b - a potion of mutation {unknown}
 i - a potion of heal wounds
 l - 3 potions of curing
 o - a potion of invisibility
 C - 3 potions of lignification
 D - a potion of cancellation


   Skills:
 + Level 7.4 Fighting
 + Level 7.5(8.2) Maces & Flails
 - Level 5.0(6.9) Staves
 + Level 7.7 Armour
 - Level 7.0 Dodging
 + Level 5.5 Shields


You had 10 spell levels left.
You didn't know any spells.
Your spell library contained the following spells:

 Spells                   Type           Power      Damage    Failure   Level
 Sandblast                Erth           0%         2d4       41%         1
 Ensorcelled Hibernation  Hex/Ice        0%         N/A       54%         2
 Mercury Vapours          Alch/Air       0%         N/A       54%         2
 Mephitic Cloud           Conj/Alch/Air  0%         N/A       78%         3
 Volatile Blastmotes      Fire/Tloc      0%         2d10      78%         3
 Anguish                  Hex/Necr       0%         N/A       99%         4
 Dimensional Bullseye     Hex/Tloc       0%         N/A       99%         4
 Fulminant Prism          Conj/Alch      0%         3d5       99%         4
 Iskenderun's Mystic Bla  Conj/Tloc      0%         2d3       99%         4
 Freezing Cloud           Conj/Ice/Air   0%         6-21      100%        5
 Discord                  Hex            0%         N/A       100%        8
 Chain Lightning          Conj/Air       0%         N/A       100%        9
 Fire Storm               Conj/Fire      0%         5d1       100%        9
 Shatter                  Erth           0%         3d5*      100%        9


Dungeon Overview and Level Annotations

Branches:
Dungeon (13/15)            Temple (0/1) D:4
   Lair: D:8-11         Orc: D:9-12      Vaults: D:13-14

Altars:
Cheibriados
Dithmenos
Gozag
Hepliaklqana
Kikubaaqudgha
Okawaru
Qazlal
Trog
Uskayaw

Shops:
D:3 *

Annotations:
D:9 1 runed translucent door, olddryhag's ghost, novice GnGl


Innate Abilities, Weirdness & Mutations

You have a moderately thin skeletal structure. (Dex +4, Stealth++)
A meltable shield of frost defends you. (SH +4)
Your presence sometimes corrodes or deforms those you injure.
Your touch may irresistibly damage your foes and sap their willpower.


Message History

The wraith is destroyed!
The cyclops throws a large rock.
The large rock hits you!!
* * * LOW HITPOINT WARNING * * *
You hear a shout!
You hear a bellow!
You hear an angry buzzing noise.
An orc comes into view. It is wielding a +0 club.
The orc wizard completely misses you. The acid dragon barely misses you.
The acid dragon closely misses you. The orc wizard closely misses you.
The acid dragon closely misses you. The acid dragon barely misses you.
Unknown command.
You strike the helpless acid dragon from behind!
You whack the acid dragon!
The acid dragon is moderately wounded.
The orc wizard closely misses you. The acid dragon barely misses you. x2
Unknown command.
You hit the acid dragon.
Lightning courses through the acid dragon!
Your touch misses the acid dragon.
The acid dragon is almost dead.
You block the orc wizard's attack. The acid dragon barely misses you.
The acid dragon claws you but does no damage.
You hit the acid dragon but do no damage.
Lightning courses through the acid dragon!
You kill the acid dragon!
The orc wizard points at you and mumbles some strange words.
The puff of flame misses you.
You hit the orc wizard but do no damage.
You touch the orc wizard!
You sap its willpower!
The orc wizard is heavily wounded.
The orc wizard misses you.
Unknown command.
You closely miss the orc wizard.
The orc wizard is heavily wounded.
The orc wizard completely misses you.
You closely miss the orc wizard.
The orc wizard is heavily wounded.
A vampire mosquito comes into view.
The orc wizard casts a spell at you.
The magic dart hits you but does no damage.
The cyclops hits you!!
You die...

.## y#
#.. °.
..# .#
## #..
. .##?#
#. #..#
#.##o.#
#†o##[#
##@##.#
##Co#
###.#
.. ##


You could see a cyclops (unable to see you), a vampire mosquito (wandering,
unable to see you), 2 orc wizards and an orc (unable to see you).

Vanquished Creatures
  A two-headed ogre (D:8)
  Pikel (D:4)
  An unseen horror zombie (D:8)
  A troll (D:13)
  A hornet (D:9)
  Grinder (D:5)
  A wyvern (D:8)
  Eustachio (D:5)
  5 yaks (D:8)
  A wraith (D:11)
  3 steam dragons
  An acid dragon (D:11)
  A water moccasin (D:9)
  5 orc warriors
  4 black bears
  An ice beast (D:5)
  A hornet zombie (D:8)
  2 centaurs (D:9)
  An ogre (D:5)
  4 lemures (D:5)
  A phantom (D:4)
  2 kobold brigands
  2 bullfrogs
  3 scorpions
  3 wyvern zombies (D:8)
  2 gnoll sergeants
  A burial acolyte (D:5)
  9 wights
  3 killer bees (D:7)
  2 bombardier beetles (D:5)
  3 centaur zombies (D:8)
  3 hounds (D:5)
  8 orc priests
  2 jellies (D:6)
  3 iguanas
  10 orc wizards
  3 hound zombies (D:5)
  2 howler monkey zombies (D:8)
  13 gnolls
  8 adders
  7 shadow imps
  3 white imps
  3 ufetubi
  3 dart slugs
  A ribbon worm (D:2)
  33 orcs
  14 ball pythons
  5 bats
  4 endoplasms
  5 giant cockroaches
  A gnoll zombie (D:5)
  6 goblins
  8 hobgoblins
  4 quokkas
  6 frilled lizards
  18 kobolds
  3 kobold zombies (D:5)
  4 rats
248 creatures vanquished.

Vanquished Creatures (collateral kills)
  A goblin (D:3)
1 creature vanquished.

Vanquished Creatures (others)
  A wraith (D:11)
  A yak (D:11)
2 creatures vanquished.

Grand Total: 251 creatures vanquished

Notes
Turn   | Place    | Note
-------+----------+-------------------------------------------
     0 | D:1      | dialectric the Demonspawn Fighter began the quest for the
                  | Orb.
     0 | D:1      | Reached XP level 1. HP: 18/18 MP: 1/1
   217 | D:1      | Gained mutation: Your touch may inflict minor irresistible
                  | damage on your foes. [demonic ancestry]
   217 | D:1      | Reached XP level 2. HP: 17/24 MP: 2/2
   433 | D:1      | Reached skill level 1 in Dodging
   467 | D:1      | Reached XP level 3. HP: 29/29 MP: 3/3
  1820 | D:2      | Gained mutation: A meltable shield of frost defends you.
                  | (SH +4) [demonic ancestry]
  1820 | D:2      | Reached XP level 4. HP: 35/35 MP: 4/4
  2071 | D:3      | Found a shadowy altar of Dithmenos.
  2115 | D:3      | Reached skill level 1 in Staves
  2614 | D:3      | Found Veuckise's Assorted Antiques.
  2621 | D:3      | Gained mutation: You have a somewhat thin skeletal
                  | structure. (Dex +2, Stealth+) [demonic ancestry]
  2621 | D:3      | Reached XP level 5. HP: 40/42 MP: 5/5
  2631 | D:3      | Bought a scroll labelled ZUEBOH KITIRR for 19 gold pieces
  2823 | D:4      | Found a staircase to the Ecumenical Temple.
  2846 | D:4      | Noticed a phantom
  2860 | D:4      | Noticed Pikel
  2865 | D:5      | Entered Level 5 of the Dungeon
  2927 | D:5      | Noticed an ice beast
  2949 | D:5      | Killed an ice beast
  2950 | D:5      | Gained mutation: You have a moderately thin skeletal
                  | structure. (Dex +4, Stealth++) [demonic ancestry]
  2950 | D:5      | Reached XP level 6. HP: 33/48 MP: 6/6
  3120 | D:5      | Noticed Eustachio
  3696 | D:5      | Killed Eustachio
  3697 | D:5      | Gained mutation: Your presence sometimes corrodes those you
                  | injure. [demonic ancestry]
  3697 | D:5      | Reached XP level 7. HP: 41/55 MP: 7/7
  3797 | D:5      | Found an ancient bone altar of Kikubaaqudgha.
  4303 | D:5      | Found a hide-covered altar of Uskayaw.
  4384 | D:5      | Gained mutation: Your presence sometimes corrodes or
                  | deforms those you injure. [demonic ancestry]
  4384 | D:5      | Reached XP level 8. HP: 60/61 MP: 8/8
  4386 | D:5      | Noticed Grinder
  4392 | D:5      | Killed Grinder
  4718 | D:5      | Found a snail-covered altar of Cheibriados.
  5140 | D:4      | Killed Pikel
  5141 | D:4      | Reached skill level 5 in Maces & Flails
  5141 | D:4      | Reached skill level 5 in Armour
  5141 | D:4      | Reached skill level 5 in Dodging
  5761 | D:4      | Found a hazy altar of Hepliaklqana.
  5807 | D:6      | Reached XP level 9. HP: 61/66 MP: 9/9
  6577 | D:6      | Reached skill level 5 in Fighting
  6889 | D:6      | Found a bloodstained altar of Trog.
  7060 | D:6      | Reached skill level 5 in Staves
  7786 | D:7      | Found an opulent altar of Gozag.
  8297 | D:8      | Gained mutation: Your touch may inflict irresistible damage
                  | on your foes. [demonic ancestry]
  8297 | D:8      | Reached XP level 10. HP: 47/76 MP: 10/10
  8637 | D:8      | Noticed a two-headed ogre
  8646 | D:8      | Killed a two-headed ogre
  9327 | D:8      | Got the Elucidation of Interference and Excavation
  9500 | D:9      | Found an iron altar of Okawaru.
  9538 | D:9      | Paralysed by a hornet for 1 turns
  9543 | D:9      | Reached skill level 5 in Shields
  9809 | D:9      | Found a runed translucent door.
  9813 | D:9      | Noticed olddryhag's ghost (novice GnGl)
 10194 | D:9      | Found a stormy altar of Qazlal.
 10504 | D:10     | Entered Level 10 of the Dungeon
 10543 | D:10     | You fall into a shaft and drop 3 floors!
 10684 | D:12     | Noticed a two-headed ogre
 10690 | D:12     | Noticed a two-headed ogre
 10694 | D:12     | Noticed an ogre mage
 10697 | D:12     | Paralysed by an ogre mage for 3 turns
 10697 | D:12     | Noticed a two-headed ogre
 10703 | D:11     | Noticed a death yak
 10703 | D:11     | Noticed a death yak
 10703 | D:11     | Noticed a death yak
 10703 | D:11     | Noticed a death yak
 10703 | D:11     | Noticed a death yak
 10723 | D:11     | Noticed a cyclops
 10734 | D:11     | Gained mutation: Your touch may irresistibly damage your
                  | foes and sap their willpower. [demonic ancestry]
 10734 | D:11     | Reached XP level 11. HP: 17/84 MP: 11/11
 10743 | D:11     | Mangled by a cyclops

Illustrated notes

Levels and vault maps discovered:
D:1:      doesnt_arrival_eight_statues, layout_loops_ring,
          kennysheep_pointless_box, minmay_pentomino_t2
D:2:      layout_loops_corners, serial_forest, infiniplex_forest_lined_room_3,
          infiniplex_forest_clump_long, infiniplex_forest_lined_3,
          infiniplex_forest_lined_3_way, infiniplex_forest_corner_1,
          infiniplex_forest_clump_long
D:3:      layout_basic, mainiacjoe_overflow_paths, serial_shops,
          nicolae_square_shop
D:4:      nicolae_cairo_tiling_large_dashed, layout_basic,
          mainiacjoe_overflow_alcove_1, minmay_temple_entry_glassed_door,
          serial_demonic, serial_demonic_d, serial_demonic_g, serial_demonic_g,
          serial_demonic_b, grunt_decor_one_mirror, uniq_pikel
D:5:      layout_loops_cross, slow_altar_2, elyvilon_altar_3,
          regret_index_kikubaaqudgha_part_by_part, mainiacjoe_overflow_catwalk,
          uniq_grinder, uniq_eustachio
D:6:      layout_loops_ring, mainiacjoe_overflow_brackets, nicolae_letterblocks
          [nicolae_letter_subblock, nicolae_letter_subblock,
          nicolae_letter_subblock, nicolae_letter_subblock,
          nicolae_letter_subblock, nicolae_letter_subblock,
          nicolae_letter_subblock, nicolae_letter_subblock,
          nicolae_letter_subblock, nicolae_letter_subblock,
          nicolae_letter_subblock, nicolae_letter_subblock,
          nicolae_letter_subblock, nicolae_letter_subblock,
          nicolae_letter_subblock, nicolae_letter_subblock,
          nicolae_letter_subblock, nicolae_letter_subblock,
          nicolae_letter_subblock, nicolae_letter_subblock,
          nicolae_letter_subblock, nicolae_letter_subblock,
          nicolae_letter_subblock, nicolae_letter_subblock,
          nicolae_letter_subblock]
D:7:      layout_cave_pools, lemuel_coloured_pillars_altar
D:8:      layout_loops_cross, serial_undead, serial_undead_d, serial_undead_f,
          serial_undead_e, serial_undead_b, serial_undead_f, serial_undead_c,
          serial_undead_b, eino_tiny_chamber
D:9:      layout_stronghold, mainiacjoe_overflow_six_doors_small,
          mainiacjoe_overflow_chevrons, hellmonk_ghost_happy_afterlife,
          chequers_serial_rivers_micro_a
D:10:     layout_loops_cross, grunt_temple_overflow_champion_of_chaos,
          mainiacjoe_overflow_alcove_4, amcnicky_altar_gilded,
          jmf_multi_god_temple2, kennysheep_windowed_goal
D:11:     minmay_the_grid_octo_triangle [minmay_the_grid_octo_fan_narrow,
          minmay_the_grid_octo_prize_square_snowflake,
          minmay_the_grid_octo_checkerflower], layout_rooms, dpeg_lair_monsters,
          corexii_checkpoint, lightli_wizard_tower
D:12:     layout_loops_ring, orc_0_dummy
D:13:     layout_long_grid

Skill      XL: |  1  2  3  4  5  6  7  8  9 10 |
---------------+-------------------------------+-----
Maces & Flails | 2 3 4 5 6 7 |  7.5
Armour         | 3 4 5 6 7 |  7.7
Dodging        | 1 2 3 4 6 7 |  7.0
Staves         | 1 2 3 4 5 |  5.0
Fighting       | 4 5 7 |  7.4
Shields        | 3 5 |  5.5

Action                     |  1- 3 |  4- 6 |  7- 9 | 10-12 || total
---------------------------+-------+-------+-------+-------++-------
  Melee: Flail             |    23 |       |       |       ||    23
         Quarterstaff      |    91 |   210 |   179 |       ||   480
         Whip              |       |       |   222 |   206 ||   428
         Touch             |       |       |    52 |    49 ||   101
         Punch             |       |       |     2 |     3 ||     5
  Throw: Dart              |       |       |     2 |     5 ||     7
    Use: Scroll            |       |     4 |     1 |    11 ||    16
         Potion            |       |     2 |     1 |     4 ||     7
   Stab: Sleeping          |       |     1 |     6 |     3 ||    10
         Distracted        |       |       |     1 |       ||     1
         Invisible         |       |       |       |     1 ||     1
 Armour: Scale mail        |    97 |   223 |   247 |    47 ||   614
         Steam dragon scal |       |       |       |    95 ||    95
  Dodge: Dodged            |    61 |   163 |   213 |   121 ||   558
  Block: Other             |       |    65 |    60 |    38 ||   163

Table legend: (Time is in decaauts)
 A = Elapsed time spent in this place.
 B = Non-inter-level travel time spent in this place.
 C = Inter-level travel time spent in this place.
 D = Time resting spent in this place.
 E = Time spent auto-exploring this place.
 F = Levels seen in this place.
 G = Mean time per level.
                   A        B        C        D        E       F      G
               +--------+--------+--------+--------+--------+-----+--------+
         Total |  10737 |  10092 |    645 |    458 |   7190 |  13 |  825.9 |
       Dungeon |  10737 |  10092 |    645 |    458 |   7190 |  13 |  825.9 |
               +--------+--------+--------+--------+--------+-----+--------+

Top non-repeatable levels by time:
     D:5: 1809 daAuts
     D:6: 1453 daAuts
     D:4: 1393 daAuts
     D:8: 1249 daAuts
     D:1: 1113 daAuts
     D:9: 1070 daAuts
     D:2: 981 daAuts
     D:3: 763 daAuts
     D:7: 672 daAuts
    D:12: 85 daAuts
    D:13: 65 daAuts
    D:11: 41 daAuts
    D:10: 38 daAuts
